 Dungeon Crawl Stone Soup version 0.17-a0-1020-ge683cc4 (webtiles) character file.

9 BanditZX the Digger (level 1, 0/14 HPs)
             Began as a Demigod Earth Elementalist on May 17, 2015.
             Hit by a stone thrown by a kobold (2 damage)
             ... on level 1 of the Dungeon.
             The game lasted 00:01:33 (222 turns).

BanditZX the Digger (Demigod Earth Elementalist)     Turns: 222, Time: 00:01:33

Health: 0/14       AC:  2    Str: 11    XL:     1   Next: 86%
Magic:  5/5        EV: 12    Int: 24    God:
Gold:   14         SH:  0    Dex: 16    Spells: 1 memorised, 2 levels left

rFire  . . .     SeeInvis .     (no weapon)
rCold  . . .     Clarity  .     b - +0 robe
rNeg   . . .     SustAb   +     (no shield)
rPois  .         Gourm    .     (no helmet)
rElec  .         Spirit   .     (no cloak)
rCorr  .         Warding  .     (no gloves)
rMut   .         Stasis   .     (no boots)
MR     .....                    (no amulet)
Stlth  ++........               (no ring)
                                (no ring)

@: brilliant, not resistant to hostile enchantments, unstealthy
A: high mp 1, sustain abilities
a: no special abilities


You were on level 1 of the Dungeon.
You were not hungry.

You visited 1 branch of the dungeon, and saw 1 of its levels.

You collected 14 gold pieces.

Inventory:

Missiles
 a - 23 stones (quivered)
 h - 20 sling bullets of flame
Armour
 b - a +0 robe (worn)
Scrolls
 f - 3 scrolls of remove curse {unknown}
 g - a scroll of recharging {unknown}
Books
 c - a book of Geomancy

   Spells                             Type                      Level
   a - Sandblast                      Earth                        1
   b - Stoneskin                      Transmutation/Earth          2
   c - Passwall                       Transmutation/Earth          3
   d - Stone Arrow                    Conjuration/Earth            3
   e - Petrify                        Transmutation/Earth          4
   f - Lee's Rapid Deconstruction     Earth                        5
Comestibles
 d - a bread ration


   Skills:
 + Level 2.0 Dodging
 + Level 1.7 Stealth
 + Level 1.9 Spellcasting
   Level 0.8 Transmutations
 + Level 3.0 Earth Magic


You had 2 spell levels left.
You knew the following spells:

 Your Spells              Type           Power        Failure   Level  Hunger
a - Sandblast             Erth           ####..       1%          1    #......


Dungeon Overview and Level Annotations

Branches:
Dungeon (1/15)


Innate Abilities, Weirdness & Mutations

You have an increased reservoir of magic (+10% MP).
Your attributes are resistant to harm.


Message History

Press: ? - help, Shift-Dir - straight line, f - giant newt
Aim: a giant newt The blast of sand hits the giant newt.
You kill the giant newt!
Your Earth Magic skill increases to level 3!
You see here 20 sling bullets of flame.
h - 20 sling bullets of flame Your magical contamination has completely faded away.
It was a potion of brilliance.
You feel clever all of a sudden.
A kobold comes into view.
The kobold throws a stone.
The stone hits you but does no damage.
You see here a stone.
The kobold throws a stone.
The stone barely misses you.
The kobold throws a stone.
The stone hits you.
* * * LOW HITPOINT WARNING * * *
You see here 3 stones.
a - 23 stones (gained 3)
The kobold throws a stone.
The stone hits you.
You die...

# .... #.########
#.#.....K#
#.#......######
.#...........##
#.......# #..####
#.......# #.....# .# ###
#.......# #.#.#.# ..#
#.#####@##..# #.....#
..#
#.#..##.##†####.#.#.#
#..#
####.....#.............#
...
#.##.....###.#.######..#
.# #.##.....# ###.# #.#
#######.#......# #.# .#
..........#....# #.# #
...............# #.#
#...###..†###..#####.##


You could see a kobold.

Vanquished Creatures
  A giant gecko (D:1)
  A giant cockroach (D:1)
  A goblin (D:1)
  A hobgoblin (D:1)
  A ball python (D:1)
  A giant newt (D:1)
  A kobold (D:1)
  A rat (D:1)
8 creatures vanquished.

Notes
Turn   | Place    | Note
--------------------------------------------------------------
     0 | D:1      | BanditZX the Demigod Earth Elementalist began the quest for the Orb.
     0 | D:1      | Reached XP level 1. HP: 14/14 MP: 5/5
   166 | D:1      | Reached skill level 3 in Earth Magic
   222 | D:1      | Hit by a stone thrown by a kobold

Vault maps used:
D:1:      minmay_arrival_open_corners, serial_co_window_serial,
          co_window_corner_a, co_window_corner_a, co_window_of_opportunity_a,
          co_window_paths_a, co_window_corner_a, co_window_corner_ca,
          co_window_corner_ca, co_window_broadway_a, co_window_2corner,
          co_window_cross_3, co_window_unsneaky_path_a, co_window_cross_2,
          glass_columns_a, glass_columns_b, glass_columns_a, glass_columns_a,
          glass_columns_a

Action                   || total
-------------------------++-------
Melee: Unarmed           ||     8
 Cast: Sandblast         ||    14
  Use: Potion            ||     1
